VEGAS vs NEW YORK I

Created - May-13-21 at 18:12

Goals
1 2 3 T
VEGAS 0 0 0 0
NEW YORK I 0 4 1 5
Shots
1 2 3 T
VEGAS 4 6 10 20
NEW YORK I 8 15 8 31

1st period

No Goal

Penalties :
Phil Kessel (VGK) for High sticking (Minor) at 3:43, Matt Dumba (NYI) for Interference (Minor) at 12:10, Pat Maroon (NYI) for Hooking (Minor) at 18:37

2nd period

1. NEW YORK I , Jared Spurgeon 12 (Josh Bailey 28, Logan Couture 32) at 5:13
2. NEW YORK I , Brandon Saad 19 (Ben Hutton 21, Scott Mayfield 24) at 11:03
3. NEW YORK I , Anthony Mantha 20 (Jared Spurgeon 38, Ryan Strome 33) at 17:34 (PP)
4. NEW YORK I , Josh Bailey 11 (Logan Couture 33, Esa Lindell 24) at 19:42

Penalties :
David Savard (VGK) for Hooking (Minor) at 17:03

3rd period

5. NEW YORK I , Jared Spurgeon 13 (Matt Dumba 22) at 9:24

Penalties :
Esa Lindell (NYI) for Hooking (Minor) at 3:26, Logan Couture (NYI) for Holding (Minor) at 10:03

Goalie Stats

Tristan Jarry (VGK), 26 saves from 31 shots - (0.839), L, 3-2-0, 60:00 minutes
Jacob Markstrom (NYI), 20 saves from 20 shots - (1.000), W, 35-17-6, 60:00 minutes

Players Stats for VEGAS

Player Name              G  A  P  +/- PIM S  H  SB GA TA FO     MP     PP MP  PK MP  
------------------------------------------------------------------------------------
Cody Glass               0  0  0  -1  0   1  0  0  0  0  2/4    14:42   4:10   0:00 
David Savard             0  0  0  -2  2   0  2  1  0  0  0/0    24:00   3:46   0:55 
Devon Toews              0  0  0   0  0   0  0  0  0  0  0/0    14:49   0:00   0:00 
Isac Lundestrom          0  0  0   0  0   0  0  0  0  0  8/9    12:59   0:00   0:47 
Jack Johnson             0  0  0  -2  0   1  1  0  0  0  0/0    21:10   4:10   1:35 
Jayce Hawryluk           0  0  0   0  0   1  0  0  0  0  8/16   14:35   0:00   0:00 
Josh Anderson            0  0  0   0  0   0  3  1  0  0  0/1    17:33   4:10   0:47 
Matt Luff                0  0  0   0  0   0  1  0  0  0  1/2    10:13   0:00   0:00 
Max Comtois              0  0  0  -1  0   3  0  0  0  0  1/3    10:32   0:00   0:00 
Morgan Frost             0  0  0  -1  0   2  0  0  0  0  6/12   10:36   0:00   0:04 
Nikita Zadorov           0  0  0  -2  0   0  5  3  0  0  0/0    21:10   4:10   1:35 
Noah Hanifin             0  0  0  -2  0   1  1  3  0  0  0/0    24:01   3:46   0:55 
Oliver Bjorkstrand       0  0  0   0  0   3  1  1  0  0  0/0    20:00   3:46   1:39 
Ondrej Kase              0  0  0   0  0   3  0  0  0  0  0/1    14:23   4:10   0:00 
Phil Kessel              0  0  0  -3  2   2  1  0  0  0  0/1    17:59   3:46   0:00 
Sam Reinhart             0  0  0  -3  0   2  2  0  0  0  1/3    18:00   3:46   0:00 
Slater Koekkoek          0  0  0   0  0   0  0  0  0  0  0/0    14:49   0:00   0:00 
Victor Rask              0  0  0  -3  0   1  1  0  0  0  16/26  15:57   0:00   1:43 

Players Stats for NEW YORK I

Player Name              G  A  P  +/- PIM S  H  SB GA TA FO     MP     PP MP  PK MP  
------------------------------------------------------------------------------------
Anthony Mantha           1  0  1   1  0   3  2  0  0  0  0/0    16:21   1:08   0:00 
Austin Watson            0  0  0   0  0   3  2  0  0  0  0/0    16:47   0:00   5:04 
Ben Hutton               0  1  1   1  0   0  2  0  0  0  0/0    13:57   0:00   0:19 
Boone Jenner             0  0  0   0  0   1  1  0  0  0  10/20  16:40   0:00   4:57 
Brandon Saad             1  0  1   1  0   2  0  0  0  0  1/2    16:21   1:08   0:00 
Carter Rowney            0  0  0   0  0   0  0  0  0  0  0/0     2:32   0:00   2:32 
Cedric Paquette          0  0  0   1  0   1  1  0  0  0  1/3     7:47   0:00   2:32 
Esa Lindell              0  1  1   1  2   2  0  1  0  0  0/0    23:06   1:09   3:23 
Jared Spurgeon           2  1  3   2  0   2  1  0  0  0  0/0    18:42   1:21   0:00 
Josh Bailey              1  1  2   2  0   4  0  0  0  0  0/0    18:45   1:22   0:00 
Logan Couture            0  2  2   2  2   1  0  0  0  0  7/21   18:44   1:22   0:00 
Marcus Foligno           0  0  0   0  0   1  0  0  0  0  1/2    11:43   0:00   0:00 
Matt Dumba               0  1  1   2  2   0  3  0  0  0  0/0    19:20   0:00   2:00 
Nick Foligno             0  0  0   2  0   2  6  0  0  0  3/4    19:05   1:22   0:20 
Pat Maroon               0  0  0   1  2   1  1  0  0  0  0/0     5:14   0:00   0:00 
Pierre-Edouard Bellemare 0  0  0   1  0   2  0  0  0  0  6/11    5:42   0:00   0:27 
Rasmus Ristolainen       0  0  0   1  0   2  2  1  0  0  0/0    24:56   1:21   5:00 
Ryan Strome              0  1  1   1  0   4  0  0  0  0  6/15   16:21   1:08   0:00 
Scott Mayfield           0  1  1   1  0   0  5  1  0  0  0/0    18:09   1:09   3:22 
Troy Stecher             0  0  0   0  0   0  0  0  0  0  0/0     1:48   0:00   1:48 

3 Stars

1 - Jared Spurgeon (NYI)
2 - Jacob Markstrom (NYI)
3 - Josh Bailey (NYI)

Power Play

VEGAS - 0 on 4 Attempt(s) - 0.00%
NEW YORK I - 1 on 2 Attempt(s) - 50.00%

Penalty Kill

VEGAS - 1 on 2 Attempt(s) - 50.00% - Score 0 goal in Penalty Kill
NEW YORK I - 4 on 4 Attempt(s) - 100.00% - Score 0 goal in Penalty Kill

Team Stat

VEGAS - Hits : 18 - Faceoff Wins : 43 - Blocked Shots : 9 - Penalty Minutes : 4
NEW YORK I - Hits : 26 - Faceoff Wins : 35 - Blocked Shots : 3 - Penalty Minutes : 8

Official

Referees : Jonathan Junk Googoo and Robbie Nostic
Linesman : Craig Andreozzi and Jason Deblois

Game Notes

No Game Note

Finance

Level 1 -- Attendance: 4152 (69.20%) -- Ticket Income $415,200
Level 2 -- Attendance: 4001 (80.02%) -- Ticket Income $240,060
Level 3 -- Attendance: 1968 (98.40%) -- Ticket Income $68,880
Level 4 -- Attendance: 4000 (100.00%) -- Ticket Income $80,000
Luxury Box -- Attendance: 718 (71.80%) -- Ticket Income $143,600
Game was played at the Nassau Coliseum.
Total Attendance: 14839 (82.44%)
Total Ticket Income: $947,740
Total Income: $947,740

VEGAS

5 vs 5 Forward 
   Center                   Left Wing                Right Wing               Time % Phy DF OF 
 1 Victor Rask              Phil Kessel              Sam Reinhart             30     1   2  2  
 2 Jayce Hawryluk           Josh Anderson            Oliver Bjorkstrand       30     1   2  2  
 3 Morgan Frost             Max Comtois              Cody Glass               20     1   2  2  
 4 Isac Lundestrom          Ondrej Kase              Matt Luff                20     1   2  2  

5 vs 5 Defense 
   Defense                  Defense                                           Time % Phy DF OF 
 1 Noah Hanifin             David Savard                                      35     1   2  2  
 2 Jack Johnson             Nikita Zadorov                                    30     1   2  2  
 3 Devon Toews              Slater Koekkoek                                   25     1   2  2  
 4 Noah Hanifin             David Savard                                      10     1   2  2  

PowerPlay Forward 
   Center                   Left Wing                Right Wing               Time % Phy DF OF 
 1 Sam Reinhart             Phil Kessel              Oliver Bjorkstrand       60     1   2  2  
 2 Cody Glass               Josh Anderson            Ondrej Kase              40     1   2  2  

PowerPlay Defense
   Defense                  Defense                                           Time % Phy DF OF 
 1 Noah Hanifin             David Savard                                      60     1   2  2  
 2 Jack Johnson             Nikita Zadorov                                    40     1   2  2  

Penalty Kill 4 Players Forward 
   Center                   Wing                     Time % Phy DF OF 
 1 Victor Rask              Oliver Bjorkstrand       60     1   2  2  
 2 Isac Lundestrom          Josh Anderson            40     1   2  2  

Penalty Kill 4 Players Defense
   Defense                  Defense                  Time % Phy DF OF 
 1 Noah Hanifin             David Savard             60     1   2  2  
 2 Jack Johnson             Nikita Zadorov           40     1   2  2  

Penalty Kill - 3 Players Forward 
   Forward                                           Time % Phy DF OF 
 1 Phil Kessel                                       60     1   2  2  
 2 Sam Reinhart                                      40     1   2  2  

Penalty Kill - 3 Players Defense
   Defense                  Defense                  Time % Phy DF OF 
 1 Noah Hanifin             David Savard             60     1   2  2  
 2 Jack Johnson             Nikita Zadorov           40     1   2  2  

4 vs 4 Forward 
   Center                   Wing                     Time % Phy DF OF 
 1 Sam Reinhart             Phil Kessel              60     1   2  2  
 2 Victor Rask              Oliver Bjorkstrand       40     1   2  2  

4 vs 4 Defense
   Defense                  Defense                  Time % Phy DF OF 
 1 Noah Hanifin             David Savard             60     1   2  2  
 2 Jack Johnson             Nikita Zadorov           40     1   2  2  

Last Minutes Offensive
   Center                   Left Wing                Right Wing               Defense                  Defense                  
   Sam Reinhart             Phil Kessel              Oliver Bjorkstrand       Noah Hanifin             David Savard             

Last Minutes Defensive
   Center                   Left Wing                Right Wing               Defense                  Defense                  
   Sam Reinhart             Josh Anderson            Oliver Bjorkstrand       Noah Hanifin             David Savard             

Goaltenders
Starting : Tristan Jarry            
Backup : Braden Holtby            

Extra Forwards
Normal : Isac Lundestrom, Max Comtois, Morgan Frost - PP : Isac Lundestrom, Max Comtois - PK : Morgan Frost
Extra Defensemen
Normal : Devon Toews, Slater Koekkoek, Jack Johnson - PP : Devon Toews - PK : Slater Koekkoek, Jack Johnson
Penalty Shots
Phil Kessel, Sam Reinhart, Oliver Bjorkstrand, Josh Anderson, Max Comtois

Scratches
VGK Cap Hit (Suspend)

NEW YORK I

5 vs 5 Forward 
   Center                   Left Wing                Right Wing               Time % Phy DF OF 
 1 Logan Couture            Nick Foligno             Josh Bailey              35     1   1  3  
 2 Ryan Strome              Brandon Saad             Anthony Mantha           30     1   2  2  
 3 Boone Jenner             Marcus Foligno           Austin Watson            25     1   2  2  
 4 Pierre-Edouard Bellemare Pat Maroon               Cedric Paquette          10     2   3  0  

5 vs 5 Defense 
   Defense                  Defense                                           Time % Phy DF OF 
 1 Rasmus Ristolainen       Esa Lindell                                       35     1   2  2  
 2 Matt Dumba               Jared Spurgeon                                    30     1   2  2  
 3 Ben Hutton               Scott Mayfield                                    25     1   2  2  
 4 Rasmus Ristolainen       Esa Lindell                                       10     1   2  2  

PowerPlay Forward 
   Center                   Left Wing                Right Wing               Time % Phy DF OF 
 1 Logan Couture            Nick Foligno             Josh Bailey              60     1   2  2  
 2 Ryan Strome              Brandon Saad             Anthony Mantha           40     1   2  2  

PowerPlay Defense
   Defense                  Defense                                           Time % Phy DF OF 
 1 Rasmus Ristolainen       Jared Spurgeon                                    60     1   2  2  
 2 Scott Mayfield           Esa Lindell                                       40     1   2  2  

Penalty Kill 4 Players Forward 
   Center                   Wing                     Time % Phy DF OF 
 1 Boone Jenner             Austin Watson            60     1   2  2  
 2 Cedric Paquette          Carter Rowney            40     1   2  2  

Penalty Kill 4 Players Defense
   Defense                  Defense                  Time % Phy DF OF 
 1 Rasmus Ristolainen       Esa Lindell              60     1   2  2  
 2 Matt Dumba               Scott Mayfield           40     1   2  2  

Penalty Kill - 3 Players Forward 
   Forward                                           Time % Phy DF OF 
 1 Boone Jenner                                      60     1   2  2  
 2 Marcus Foligno                                    40     1   2  2  

Penalty Kill - 3 Players Defense
   Defense                  Defense                  Time % Phy DF OF 
 1 Rasmus Ristolainen       Esa Lindell              60     1   2  2  
 2 Jared Spurgeon           Scott Mayfield           40     1   2  2  

4 vs 4 Forward 
   Center                   Wing                     Time % Phy DF OF 
 1 Logan Couture            Brandon Saad             60     1   2  2  
 2 Ryan Strome              Anthony Mantha           40     1   2  2  

4 vs 4 Defense
   Defense                  Defense                  Time % Phy DF OF 
 1 Rasmus Ristolainen       Esa Lindell              60     1   2  2  
 2 Jared Spurgeon           Scott Mayfield           40     1   2  2  

Last Minutes Offensive
   Center                   Left Wing                Right Wing               Defense                  Defense                  
   Logan Couture            Brandon Saad             Anthony Mantha           Rasmus Ristolainen       Jared Spurgeon           

Last Minutes Defensive
   Center                   Left Wing                Right Wing               Defense                  Defense                  
   Boone Jenner             Marcus Foligno           Cedric Paquette          Rasmus Ristolainen       Scott Mayfield           

Goaltenders
Starting : Jacob Markstrom          
Backup : Curtis McElhinney        

Extra Forwards
Normal : Austin Watson, Josh Bailey, Pat Maroon - PP : Pierre-Edouard Bellemare, Cedric Paquette - PK : Austin Watson
Extra Defensemen
Normal : Troy Stecher, Jared Spurgeon, Ben Hutton - PP : Troy Stecher - PK : Scott Mayfield, Troy Stecher
Penalty Shots
Logan Couture, Anthony Mantha, Brandon Saad, Nick Foligno, Ryan Strome

Scratches
NYI Cap Hit (Suspend)

% Time on Ice - VEGAS

Lines # - Real PCT - Wanted PCT - Time Play
Normal Forward
1 - 29% - 30% - 14:14
2 - 29% - 30% - 14:35
3 - 21% - 20% - 10:32
4 - 21% - 20% - 10:13
Normal Defense
1 - 34% - 35% - 16:41
2 - 31% - 30% - 15:25
3 - 30% - 25% - 14:49
4 - 5% - 10% - 2:39
PP Forward
1 - 47% - 60% - 3:46
2 - 53% - 40% - 4:10
PP Defense
1 - 47% - 60% - 3:46
2 - 53% - 40% - 4:10
PK Forward
1 - 69% - 60% - 1:43
2 - 31% - 40% - 0:47
PK Defense
1 - 37% - 60% - 0:55
2 - 63% - 40% - 1:35
PK3 Forward
1 - 0% - 60%
2 - 0% - 40%
PK3 Defense
1 - 0% - 60%
2 - 0% - 40%
44 Forward
1 - 0% - 60%
2 - 0% - 40%
44 Defense
1 - 0% - 60%
2 - 0% - 40%
Last Minute Offensive  - 0:00
Last Minute Defensive  - 0:00
Total
Forward - 60:00
Defense - 60:00

% Time on Ice - NEW YORK I

Lines # - Real PCT - Wanted PCT - Time Play
Normal Forward
1 - 35% - 35% - 17:23
2 - 31% - 30% - 15:13
3 - 24% - 25% - 11:43
4 - 11% - 10% - 5:15
Normal Defense
1 - 33% - 35% - 16:33
2 - 35% - 30% - 17:21
3 - 28% - 25% - 13:38
4 - 4% - 10% - 2:02
PP Forward
1 - 55% - 60% - 1:22
2 - 45% - 40% - 1:08
PP Defense
1 - 54% - 60% - 1:21
2 - 46% - 40% - 1:09
PK Forward
1 - 68% - 60% - 5:24
2 - 32% - 40% - 2:32
PK Defense
1 - 63% - 60% - 5:00
2 - 37% - 40% - 2:56
PK3 Forward
1 - 0% - 60%
2 - 0% - 40%
PK3 Defense
1 - 0% - 60%
2 - 0% - 40%
44 Forward
1 - 0% - 60%
2 - 0% - 40%
44 Defense
1 - 0% - 60%
2 - 0% - 40%
Last Minute Offensive  - 0:00
Last Minute Defensive  - 0:00
Total
Forward - 60:00
Defense - 60:00

Play-by-Play

1st period


0:01 of 1st period - Logan Couture wins face-off versus Victor Rask in neutral zone.
0:09 of 1st period - Off-side.
0:10 of 1st period - Jayce Hawryluk wins face-off versus Ryan Strome in neutral zone.
0:12 of 1st period - Off-side.
0:13 of 1st period - Morgan Frost wins face-off versus Boone Jenner in neutral zone.
0:32 of 1st period - Morgan Frost is hit by Scott Mayfield and loses puck.
0:40 of 1st period - Morgan Frost is hit by Scott Mayfield and loses puck.
0:50 of 1st period - Morgan Frost is hit by Scott Mayfield and loses puck.
1:43 of 1st period - Brandon Saad is hit by Noah Hanifin and loses puck.
2:15 of 1st period - Ondrej Kase is hit by Rasmus Ristolainen and loses puck.
2:28 of 1st period - Shot by Sam Reinhart.
2:28 of 1st period - Shot Misses the Net.
2:30 of 1st period - Shot by Victor Rask.
2:30 of 1st period - Stopped by Jacob Markstrom without a rebound.
2:31 of 1st period - Pierre-Edouard Bellemare wins face-off versus Victor Rask in NEW YORK I zone.
2:40 of 1st period - Shot by Sam Reinhart.
2:40 of 1st period - Stopped by Jacob Markstrom without a rebound.
2:41 of 1st period - Victor Rask wins face-off versus Boone Jenner in NEW YORK I zone.
2:50 of 1st period - Shot by Victor Rask.
2:50 of 1st period - Shot Misses the Net.
2:55 of 1st period - Off-side.
2:56 of 1st period - Jayce Hawryluk wins face-off versus Pierre-Edouard Bellemare in neutral zone.
3:00 of 1st period - Shot by Jayce Hawryluk.
3:00 of 1st period - Shot Blocked by Rasmus Ristolainen.
3:02 of 1st period - Shot by David Savard.
3:02 of 1st period - Deflect By Jayce Hawryluk.
3:02 of 1st period - Stopped by Jacob Markstrom with a rebound.
3:42 of 1st period - Off-side.
3:43 of 1st period - Logan Couture wins face-off versus Victor Rask in neutral zone.
3:43 of 1st period - Minor Penalty to Phil Kessel for High sticking.
3:44 of 1st period - Victor Rask wins face-off versus Logan Couture in VEGAS zone.
3:44 of 1st period - Victor Rask is hit by Nick Foligno.
4:20 of 1st period - Shot by Rasmus Ristolainen.
4:20 of 1st period - Stopped by Tristan Jarry with a rebound.
4:34 of 1st period - Shot by Esa Lindell.
4:34 of 1st period - Shot Misses the Net.
4:40 of 1st period - Shot by Anthony Mantha.
4:40 of 1st period - Stopped by Tristan Jarry with a rebound.
4:42 of 1st period - Shot by Scott Mayfield.
4:42 of 1st period - Shot Misses the Net.
4:44 of 1st period - Shot by Esa Lindell.
4:44 of 1st period - Shot Misses the Net.
4:52 of 1st period - Shot by Esa Lindell.
4:52 of 1st period - Stopped by Tristan Jarry without a rebound.
4:53 of 1st period - Victor Rask wins face-off versus Logan Couture in VEGAS zone.
4:59 of 1st period - Icing by Nick Foligno.
5:00 of 1st period - Victor Rask wins face-off versus Logan Couture in NEW YORK I zone.
6:13 of 1st period - Max Comtois is hit by Matt Dumba.
7:01 of 1st period - Shot by Ryan Strome.
7:01 of 1st period - Shot Blocked by Nikita Zadorov.
7:16 of 1st period - Icing by Nikita Zadorov.
7:17 of 1st period - Isac Lundestrom wins face-off versus Logan Couture in VEGAS zone.
7:17 of 1st period - Isac Lundestrom is hit by Nick Foligno.
7:28 of 1st period - Nick Foligno is hit by Nikita Zadorov and loses puck.
7:38 of 1st period - Jack Johnson is hit by Nick Foligno and loses puck.
7:47 of 1st period - Nick Foligno is hit by Matt Luff and loses puck.
7:57 of 1st period - Icing by Logan Couture.
7:58 of 1st period - Victor Rask wins face-off versus Logan Couture in NEW YORK I zone.
7:58 of 1st period - Victor Rask is hit by Ben Hutton.
8:00 of 1st period - Shot by Sam Reinhart.
8:00 of 1st period - Shot Misses the Net.
8:05 of 1st period - Phil Kessel is hit by Scott Mayfield and loses puck.
8:09 of 1st period - Icing by Nick Foligno.
8:10 of 1st period - Nick Foligno wins face-off versus Jayce Hawryluk in NEW YORK I zone.
8:10 of 1st period - Logan Couture is hit by Josh Anderson and loses puck.
9:30 of 1st period - Icing by David Savard.
9:31 of 1st period - Pierre-Edouard Bellemare wins face-off versus Jayce Hawryluk in VEGAS zone.
9:31 of 1st period - Cedric Paquette is hit by David Savard and loses puck.
9:50 of 1st period - Shot by Cedric Paquette.
9:50 of 1st period - Deflect By Pat Maroon.
9:50 of 1st period - Stopped by Tristan Jarry with a rebound.
9:52 of 1st period - Shot by Rasmus Ristolainen.
9:52 of 1st period - Shot Misses the Net.
10:00 of 1st period - Shot by Rasmus Ristolainen.
10:00 of 1st period - Stopped by Tristan Jarry without a rebound.
10:01 of 1st period - Victor Rask wins face-off versus Logan Couture in VEGAS zone.
10:03 of 1st period - Icing by Sam Reinhart.
10:04 of 1st period - Victor Rask wins face-off versus Logan Couture in VEGAS zone.
10:34 of 1st period - Shot by Nick Foligno.
10:34 of 1st period - Stopped by Tristan Jarry with a rebound.
10:36 of 1st period - Shot by Scott Mayfield.
10:36 of 1st period - Deflect By Logan Couture.
10:36 of 1st period - Shot Hit the Post.
11:47 of 1st period - Isac Lundestrom is hit by Boone Jenner and loses puck.
11:51 of 1st period - Off-side.
11:52 of 1st period - Pierre-Edouard Bellemare wins face-off versus Morgan Frost in neutral zone.
11:59 of 1st period - Shot by Matt Dumba.
11:59 of 1st period - Shot Misses the Net.
12:10 of 1st period - Minor Penalty to Matt Dumba for Interference.
12:11 of 1st period - Sam Reinhart wins face-off versus Boone Jenner in NEW YORK I zone.
12:32 of 1st period - Scott Mayfield is hit by Oliver Bjorkstrand and loses puck.
14:43 of 1st period - Shot by Brandon Saad.
14:43 of 1st period - Shot Misses the Net.
15:10 of 1st period - Oliver Bjorkstrand is hit by Nick Foligno and loses puck.
15:40 of 1st period - Icing by Noah Hanifin.
15:41 of 1st period - Pierre-Edouard Bellemare wins face-off versus Jayce Hawryluk in VEGAS zone.
16:13 of 1st period - Icing by Noah Hanifin.
16:14 of 1st period - Boone Jenner wins face-off versus Jayce Hawryluk in VEGAS zone.
16:29 of 1st period - Shot by Boone Jenner.
16:29 of 1st period - Shot Blocked by Noah Hanifin.
16:33 of 1st period - Shot by Marcus Foligno.
16:33 of 1st period - Shot Misses the Net.
16:35 of 1st period - Shot by Austin Watson.
16:35 of 1st period - Stopped by Tristan Jarry with a rebound.
16:37 of 1st period - Shot by Matt Dumba.
16:37 of 1st period - Shot Blocked by David Savard.
16:53 of 1st period - Shot by Jared Spurgeon.
16:53 of 1st period - Shot Blocked by Noah Hanifin.
17:16 of 1st period - Devon Toews is hit by Rasmus Ristolainen and loses puck.
18:13 of 1st period - Shot by Brandon Saad.
18:13 of 1st period - Stopped by Tristan Jarry without a rebound.
18:14 of 1st period - Morgan Frost wins face-off versus Pierre-Edouard Bellemare in VEGAS zone.
18:37 of 1st period - Minor Penalty to Pat Maroon for Hooking.
18:38 of 1st period - Cody Glass wins face-off versus Boone Jenner in NEW YORK I zone.
18:48 of 1st period - Shot by Jack Johnson.
18:48 of 1st period - Stopped by Jacob Markstrom without a rebound.
18:49 of 1st period - Boone Jenner wins face-off versus Cody Glass in NEW YORK I zone.
Goals for this period are 0 for VEGAS vs 0 for NEW YORK I.
Shots for this period are 4 for VEGAS vs 8 for NEW YORK I.

2nd period


0:01 of 2nd period - Boone Jenner wins face-off versus Sam Reinhart in neutral zone.
1:00 of 2nd period - Shot by Josh Bailey.
1:00 of 2nd period - Stopped by Tristan Jarry without a rebound.
1:01 of 2nd period - Ryan Strome wins face-off versus Max Comtois in VEGAS zone.
1:20 of 2nd period - Shot by Ryan Strome.
1:20 of 2nd period - Shot Misses the Net.
1:22 of 2nd period - Shot by Esa Lindell.
1:22 of 2nd period - Shot Misses the Net.
1:30 of 2nd period - Shot by Ryan Strome.
1:30 of 2nd period - Stopped by Tristan Jarry without a rebound.
1:31 of 2nd period - Victor Rask wins face-off versus Logan Couture in VEGAS zone.
1:54 of 2nd period - Shot by Logan Couture.
1:54 of 2nd period - Stopped by Tristan Jarry without a rebound.
1:55 of 2nd period - Isac Lundestrom wins face-off versus Boone Jenner in VEGAS zone.
2:08 of 2nd period - Shot by Ondrej Kase.
2:08 of 2nd period - Stopped by Jacob Markstrom with a rebound.
2:10 of 2nd period - Shot by Jack Johnson.
2:10 of 2nd period - Deflect By Ondrej Kase.
2:10 of 2nd period - Shot Misses the Net.
2:12 of 2nd period - Shot by Ondrej Kase.
2:12 of 2nd period - Shot Misses the Net.
2:50 of 2nd period - Icing by Esa Lindell.
2:51 of 2nd period - Jayce Hawryluk wins face-off versus Boone Jenner in NEW YORK I zone.
3:59 of 2nd period - Phil Kessel is hit by Matt Dumba and loses puck.
4:12 of 2nd period - Off-side.
4:13 of 2nd period - Ryan Strome wins face-off versus Max Comtois in neutral zone.
4:57 of 2nd period - Icing by Cody Glass.
4:58 of 2nd period - Logan Couture wins face-off versus Morgan Frost in VEGAS zone.
5:09 of 2nd period - Shot by Logan Couture.
5:09 of 2nd period - Shot Misses the Net.
5:11 of 2nd period - Shot by Josh Bailey.
5:11 of 2nd period - Shot Blocked by Nikita Zadorov.
5:13 of 2nd period - Shot by Jared Spurgeon.
5:13 of 2nd period - Goal by Jared Spurgeon - VEGAS : 0 - NEW YORK I : 1.
5:14 of 2nd period - Victor Rask wins face-off versus Cedric Paquette in neutral zone.
5:50 of 2nd period - Icing by Phil Kessel.
5:51 of 2nd period - Logan Couture wins face-off versus Victor Rask in VEGAS zone.
6:36 of 2nd period - Shot by Oliver Bjorkstrand.
6:36 of 2nd period - Shot Misses the Net.
7:39 of 2nd period - Icing by Rasmus Ristolainen.
7:40 of 2nd period - Morgan Frost wins face-off versus Nick Foligno in NEW YORK I zone.
7:45 of 2nd period - Shot by Morgan Frost.
7:45 of 2nd period - Shot Misses the Net.
8:09 of 2nd period - Shot by Cody Glass.
8:09 of 2nd period - Deflect By Morgan Frost.
8:09 of 2nd period - Stopped by Jacob Markstrom with a rebound.
8:11 of 2nd period - Shot by Max Comtois.
8:11 of 2nd period - Stopped by Jacob Markstrom without a rebound.
8:12 of 2nd period - Victor Rask wins face-off versus Ryan Strome in NEW YORK I zone.
8:48 of 2nd period - Shot by Ryan Strome.
8:48 of 2nd period - Stopped by Tristan Jarry without a rebound.
8:49 of 2nd period - Boone Jenner wins face-off versus Jayce Hawryluk in VEGAS zone.
9:23 of 2nd period - Icing by Scott Mayfield.
9:24 of 2nd period - Isac Lundestrom wins face-off versus Boone Jenner in NEW YORK I zone.
10:12 of 2nd period - Off-side.
10:13 of 2nd period - Victor Rask wins face-off versus Pierre-Edouard Bellemare in neutral zone.
10:22 of 2nd period - Shot by Phil Kessel.
10:22 of 2nd period - Stopped by Jacob Markstrom with a rebound.
10:46 of 2nd period - Shot by Cedric Paquette.
10:46 of 2nd period - Shot Blocked by Nikita Zadorov.
11:01 of 2nd period - Shot by Ben Hutton.
11:01 of 2nd period - Shot Misses the Net.
11:03 of 2nd period - Shot by Brandon Saad.
11:03 of 2nd period - Goal by Brandon Saad - VEGAS : 0 - NEW YORK I : 2.
11:04 of 2nd period - Jayce Hawryluk wins face-off versus Boone Jenner in neutral zone.
12:47 of 2nd period - Shot by Max Comtois.
12:47 of 2nd period - Stopped by Jacob Markstrom without a rebound.
12:48 of 2nd period - Ryan Strome wins face-off versus Victor Rask in NEW YORK I zone.
12:55 of 2nd period - Shot by Ryan Strome.
12:55 of 2nd period - Shot Misses the Net.
12:57 of 2nd period - Shot by Ryan Strome.
12:57 of 2nd period - Stopped by Tristan Jarry without a rebound.
12:58 of 2nd period - Isac Lundestrom wins face-off versus Pierre-Edouard Bellemare in VEGAS zone.
13:05 of 2nd period - Off-side.
13:06 of 2nd period - Brandon Saad wins face-off versus Victor Rask in neutral zone.
13:06 of 2nd period - Ryan Strome is hit by Nikita Zadorov and loses puck.
13:16 of 2nd period - Ryan Strome is hit by Nikita Zadorov and loses puck.
14:09 of 2nd period - David Savard is hit by Matt Dumba and loses puck.
14:19 of 2nd period - Noah Hanifin is hit by Jared Spurgeon and loses puck.
14:26 of 2nd period - David Savard is hit by Nick Foligno and loses puck.
15:13 of 2nd period - Icing by Devon Toews.
15:14 of 2nd period - Jayce Hawryluk wins face-off versus Boone Jenner in VEGAS zone.
15:34 of 2nd period - Shot by Boone Jenner.
15:34 of 2nd period - Shot Blocked by Oliver Bjorkstrand.
15:48 of 2nd period - Shot by Austin Watson.
15:48 of 2nd period - Stopped by Tristan Jarry with a rebound.
15:50 of 2nd period - Shot by Scott Mayfield.
15:50 of 2nd period - Shot Blocked by Josh Anderson.
15:52 of 2nd period - Shot by Boone Jenner.
15:52 of 2nd period - Stopped by Tristan Jarry without a rebound.
15:53 of 2nd period - Victor Rask wins face-off versus Brandon Saad in VEGAS zone.
16:26 of 2nd period - Shot by Anthony Mantha.
16:26 of 2nd period - Stopped by Tristan Jarry without a rebound.
16:27 of 2nd period - Pierre-Edouard Bellemare wins face-off versus Morgan Frost in VEGAS zone.
16:34 of 2nd period - Shot by Pierre-Edouard Bellemare.
16:34 of 2nd period - Deflect By Pat Maroon.
16:34 of 2nd period - Shot Misses the Net.
16:36 of 2nd period - Shot by Jared Spurgeon.
16:36 of 2nd period - Shot Misses the Net.
16:38 of 2nd period - Shot by Pierre-Edouard Bellemare.
16:38 of 2nd period - Stopped by Tristan Jarry without a rebound.
16:39 of 2nd period - Isac Lundestrom wins face-off versus Logan Couture in VEGAS zone.
16:53 of 2nd period - David Savard is hit by Nick Foligno and loses puck.
17:03 of 2nd period - Minor Penalty to David Savard for Hooking.
17:04 of 2nd period - Ryan Strome wins face-off versus Victor Rask in VEGAS zone.
17:04 of 2nd period - Ryan Strome is hit by Nikita Zadorov.
17:32 of 2nd period - Shot by Jared Spurgeon.
17:32 of 2nd period - Shot Misses the Net.
17:34 of 2nd period - Shot by Anthony Mantha.
17:34 of 2nd period - Goal by Anthony Mantha - VEGAS : 0 - NEW YORK I : 3.
17:35 of 2nd period - Max Comtois wins face-off versus Logan Couture in neutral zone.
17:51 of 2nd period - Max Comtois is hit by Scott Mayfield and loses puck.
17:56 of 2nd period - Shot by Morgan Frost.
17:56 of 2nd period - Stopped by Jacob Markstrom without a rebound.
17:57 of 2nd period - Boone Jenner wins face-off versus Isac Lundestrom in NEW YORK I zone.
18:20 of 2nd period - Shot by Austin Watson.
18:20 of 2nd period - Stopped by Tristan Jarry with a rebound.
18:22 of 2nd period - Shot by Marcus Foligno.
18:22 of 2nd period - Stopped by Tristan Jarry without a rebound.
18:23 of 2nd period - Victor Rask wins face-off versus Ryan Strome in VEGAS zone.
19:40 of 2nd period - Shot by Logan Couture.
19:40 of 2nd period - Shot Misses the Net.
19:42 of 2nd period - Shot by Josh Bailey.
19:42 of 2nd period - Goal by Josh Bailey - VEGAS : 0 - NEW YORK I : 4.
19:43 of 2nd period - Boone Jenner wins face-off versus Jayce Hawryluk in neutral zone.
Goals for this period are 0 for VEGAS vs 4 for NEW YORK I.
Shots for this period are 6 for VEGAS vs 15 for NEW YORK I.

3rd period


0:01 of 3rd period - Ryan Strome wins face-off versus Jayce Hawryluk in neutral zone.
0:26 of 3rd period - Shot by Ryan Strome.
0:26 of 3rd period - Stopped by Tristan Jarry without a rebound.
0:27 of 3rd period - Logan Couture wins face-off versus Morgan Frost in VEGAS zone.
0:28 of 3rd period - Shot by Nick Foligno.
0:28 of 3rd period - Stopped by Tristan Jarry without a rebound.
0:29 of 3rd period - Nick Foligno wins face-off versus Morgan Frost in VEGAS zone.
0:46 of 3rd period - Shot by Morgan Frost.
0:46 of 3rd period - Shot Misses the Net.
0:48 of 3rd period - Shot by Cody Glass.
0:48 of 3rd period - Stopped by Jacob Markstrom without a rebound.
0:49 of 3rd period - Ryan Strome wins face-off versus Jayce Hawryluk in NEW YORK I zone.
1:07 of 3rd period - Shot by Ryan Strome.
1:07 of 3rd period - Shot Misses the Net.
1:12 of 3rd period - Off-side.
1:13 of 3rd period - Nick Foligno wins face-off versus Victor Rask in neutral zone.
1:13 of 3rd period - Nick Foligno is hit by Phil Kessel.
1:40 of 3rd period - Shot by Josh Bailey.
1:40 of 3rd period - Stopped by Tristan Jarry without a rebound.
1:41 of 3rd period - Jayce Hawryluk wins face-off versus Ryan Strome in VEGAS zone.
1:43 of 3rd period - Josh Anderson is hit by Anthony Mantha.
2:00 of 3rd period - Ryan Strome is hit by David Savard and loses puck.
2:15 of 3rd period - Icing by Noah Hanifin.
2:16 of 3rd period - Jayce Hawryluk wins face-off versus Logan Couture in VEGAS zone.
2:47 of 3rd period - Shot by Nick Foligno.
2:47 of 3rd period - Shot Misses the Net.
3:23 of 3rd period - Off-side.
3:24 of 3rd period - Isac Lundestrom wins face-off versus Ryan Strome in neutral zone.
3:26 of 3rd period - Minor Penalty to Esa Lindell for Hooking.
3:27 of 3rd period - Boone Jenner wins face-off versus Phil Kessel in NEW YORK I zone.
3:42 of 3rd period - Troy Stecher is hit by Sam Reinhart and loses puck.
4:03 of 3rd period - Shot by Noah Hanifin.
4:03 of 3rd period - Stopped by Jacob Markstrom without a rebound.
4:04 of 3rd period - Cody Glass wins face-off versus Cedric Paquette in NEW YORK I zone.
5:01 of 3rd period - Noah Hanifin is hit by Cedric Paquette.
5:37 of 3rd period - Shot by Max Comtois.
5:37 of 3rd period - Stopped by Jacob Markstrom with a rebound.
6:10 of 3rd period - Matt Dumba is hit by Jack Johnson and loses puck.
7:27 of 3rd period - Icing by Scott Mayfield.
7:28 of 3rd period - Logan Couture wins face-off versus Victor Rask in NEW YORK I zone.
7:28 of 3rd period - Logan Couture is hit by Sam Reinhart.
7:33 of 3rd period - Logan Couture is hit by Victor Rask and loses puck.
7:48 of 3rd period - Shot by Phil Kessel.
7:48 of 3rd period - Shot Misses the Net.
7:54 of 3rd period - Shot by Sam Reinhart.
7:54 of 3rd period - Deflect By Phil Kessel.
7:54 of 3rd period - Stopped by Jacob Markstrom without a rebound.
7:55 of 3rd period - Boone Jenner wins face-off versus Morgan Frost in NEW YORK I zone.
8:10 of 3rd period - Shot by Max Comtois.
8:10 of 3rd period - Shot Blocked by Esa Lindell.
8:52 of 3rd period - Shot by Pierre-Edouard Bellemare.
8:52 of 3rd period - Stopped by Tristan Jarry without a rebound.
8:53 of 3rd period - Pierre-Edouard Bellemare wins face-off versus Victor Rask in VEGAS zone.
9:11 of 3rd period - Sam Reinhart is hit by Pat Maroon and loses puck.
9:24 of 3rd period - Shot by Jared Spurgeon.
9:24 of 3rd period - The goal is going for a video replay.
9:24 of 3rd period - The goal is good.
9:24 of 3rd period - Goal by Jared Spurgeon - VEGAS : 0 - NEW YORK I : 5.
9:25 of 3rd period - Logan Couture wins face-off versus Josh Anderson in neutral zone.
9:25 of 3rd period - Ben Hutton is hit by Josh Anderson and loses puck.
9:37 of 3rd period - Josh Anderson is hit by Ben Hutton and loses puck.
9:46 of 3rd period - Shot by Oliver Bjorkstrand.
9:46 of 3rd period - Stopped by Jacob Markstrom without a rebound.
9:47 of 3rd period - Isac Lundestrom wins face-off versus Boone Jenner in NEW YORK I zone.
9:58 of 3rd period - Shot by Boone Jenner.
9:58 of 3rd period - Shot Blocked by Noah Hanifin.
10:00 of 3rd period - Shot by Esa Lindell.
10:00 of 3rd period - Stopped by Tristan Jarry without a rebound.
10:01 of 3rd period - Victor Rask wins face-off versus Logan Couture in VEGAS zone.
10:03 of 3rd period - Minor Penalty to Logan Couture for Holding.
10:04 of 3rd period - Boone Jenner wins face-off versus Sam Reinhart in NEW YORK I zone.
10:28 of 3rd period - Sam Reinhart is hit by Austin Watson and loses puck.
10:37 of 3rd period - Shot by Sam Reinhart.
10:37 of 3rd period - Shot Misses the Net.
10:39 of 3rd period - Shot by David Savard.
10:39 of 3rd period - Deflect By Sam Reinhart.
10:39 of 3rd period - Shot Misses the Net.
10:41 of 3rd period - Shot by Oliver Bjorkstrand.
10:41 of 3rd period - Stopped by Jacob Markstrom without a rebound.
10:42 of 3rd period - Cedric Paquette wins face-off versus Ondrej Kase in NEW YORK I zone.
10:42 of 3rd period - Cedric Paquette is hit by Josh Anderson.
11:00 of 3rd period - Shot by Josh Anderson.
11:00 of 3rd period - Shot Blocked by Scott Mayfield.
11:11 of 3rd period - Icing by Jack Johnson.
11:12 of 3rd period - Boone Jenner wins face-off versus Cody Glass in VEGAS zone.
11:12 of 3rd period - Esa Lindell is hit by Nikita Zadorov.
12:59 of 3rd period - Shot by Sam Reinhart.
12:59 of 3rd period - Stopped by Jacob Markstrom without a rebound.
13:00 of 3rd period - Jayce Hawryluk wins face-off versus Logan Couture in NEW YORK I zone.
13:13 of 3rd period - Shot by Josh Bailey.
13:13 of 3rd period - Stopped by Tristan Jarry without a rebound.
13:14 of 3rd period - Morgan Frost wins face-off versus Marcus Foligno in VEGAS zone.
13:14 of 3rd period - Morgan Frost is hit by Austin Watson.
13:48 of 3rd period - Shot by Cody Glass.
13:48 of 3rd period - Shot Hit the Post.
15:11 of 3rd period - Shot by Oliver Bjorkstrand.
15:11 of 3rd period - Stopped by Jacob Markstrom without a rebound.
15:12 of 3rd period - Matt Luff wins face-off versus Ryan Strome in NEW YORK I zone.
15:19 of 3rd period - Shot by Ondrej Kase.
15:19 of 3rd period - Stopped by Jacob Markstrom without a rebound.
15:20 of 3rd period - Morgan Frost wins face-off versus Ryan Strome in NEW YORK I zone.
15:28 of 3rd period - Icing by Matt Dumba.
15:29 of 3rd period - Isac Lundestrom wins face-off versus Ryan Strome in NEW YORK I zone.
15:30 of 3rd period - Shot by Ondrej Kase.
15:30 of 3rd period - Stopped by Jacob Markstrom with a rebound.
18:05 of 3rd period - Off-side.
18:06 of 3rd period - Victor Rask wins face-off versus Pierre-Edouard Bellemare in neutral zone.
18:15 of 3rd period - Shot by Cedric Paquette.
18:15 of 3rd period - Stopped by Tristan Jarry without a rebound.
18:16 of 3rd period - Morgan Frost wins face-off versus Ryan Strome in VEGAS zone.
18:16 of 3rd period - Morgan Frost is hit by Anthony Mantha.
19:16 of 3rd period - Off-side.
19:17 of 3rd period - Victor Rask wins face-off versus Logan Couture in neutral zone.
19:56 of 3rd period - Off-side.
19:57 of 3rd period - Marcus Foligno wins face-off versus Matt Luff in neutral zone.
Goals for this period are 0 for VEGAS vs 1 for NEW YORK I.
Shots for this period are 10 for VEGAS vs 8 for NEW YORK I.